 Dungeon Crawl Stone Soup version 0.24-a0-170-gd8427f5 (webtiles) character file.

Game seed: 5978274826797516269

36 galech the Skirmisher (level 3, 22/29 HPs)
             Began as a Demonspawn Fighter on Mar 8, 2019.
             Quit the game on level 2 of the Dungeon.
             The game lasted 00:00:36 (869 turns).

galech the Skirmisher (Demonspawn Fighter)           Turns: 869, Time: 00:00:37

Health: 22/29      AC:  6    Str: 16    XL:     3   Next: 19%
Magic:  3/3        EV:  6    Int:  9    God:
Gold:   13         SH:  9    Dex: 13    Spells: 2/2 levels left

rFire    . . .     SeeInvis .   a - +0 war axe
rCold    . . .     Gourm    .   c - +0 shield
rNeg     . . .     Faith    .   b - +0 scale mail
rPois    .         Spirit   .   (helmet restricted)
rElec    .         Reflect  .   (no cloak)
rCorr    .         Harm     .   (no gloves)
MR       .....                  (no boots)
Stlth    +.........             (no amulet)
HPRegen  0.09/turn              (no ring)
MPRegen  0.08/turn              (no ring)

@: no status effects
A: antennae 1, nightstalker 1
a: no special abilities


You were on level 2 of the Dungeon.
You were not hungry.

You visited 1 branch of the dungeon, and saw 2 of its levels.

You collected 13 gold pieces.

Inventory:

Hand Weapons
 a - a +0 war axe (weapon)
Armour
 b - a +0 scale mail (worn)
 c - a +0 shield (worn)
Scrolls
 e - a scroll of teleportation {unknown}
Potions
 d - 2 potions of might
 h - a potion of ambrosia {unknown}
 i - a potion of brilliance {unknown}
Comestibles
 f - 3 rations
 g - 5 chunks of flesh


   Skills:
 + Level 3.4 Fighting
 + Level 2.2 Axes
 + Level 2.8 Armour
 + Level 3.2 Shields


You had 2 spell levels left.
You didn't know any spells.
Your spell library was empty.

Dungeon Overview and Level Annotations

Branches:
Dungeon (2/15)

Altars:


Innate Abilities, Weirdness & Mutations

You have a pair of small antennae on your head.
You are slightly more attuned to the shadows.


Message History

The adder bites you.
You hit the ball python.
You kill the ball python!
You hit the adder. The adder bites you but does no damage. The adder bites you.
You slash the adder!
You kill the adder!
You have reached level 3!
Your experience leads to an increase in your attributes!
Increase (S)trength, (I)ntelligence, or (D)exterity?
You feel agile.
Your demonic ancestry asserts itself...
You slip into the darkness of the dungeon.
You see here an adder corpse.
You butcher the adder corpse.
g - 2 chunks of flesh (gained 1)
You see here an adder skeleton.
You see here a ball python corpse.
You butcher the ball python corpse.
g - 5 chunks of flesh (gained 3)
You see here a ball python skeleton.
Are you sure you want to abandon this character and quit the game? (Confirm with "yes".)

#... ....#
#.... ....#
#..>. ....#
#.... ...#
#....###...###
#..(......>..#
#.....รท@....#
..#.#.......##
#...<.......
############


There were no monsters in sight!

Vanquished Creatures
  An adder (D:2)
  2 leopard geckos (D:1)
  A ball python (D:2)
  4 bats (D:1)
  3 giant cockroaches (D:1)
  3 hobgoblins (D:1)
  4 jackals (D:1)
  2 frilled lizards (D:1)
  2 kobolds (D:1)
  2 rats (D:1)
24 creatures vanquished.

Notes
Turn   | Place    | Note
-------+----------+-------------------------------------------
     0 | D:1      | galech the Demonspawn Fighter began the quest for the Orb.
     0 | D:1      | Reached XP level 1. HP: 18/18 MP: 1/1
   218 | D:1      | Gained mutation: You have a pair of small antennae on your
                  | head. [demonic ancestry]
   218 | D:1      | Reached XP level 2. HP: 24/24 MP: 2/2
   862 | D:2      | Gained mutation: You are slightly more attuned to the
                  | shadows. [demonic ancestry]
   862 | D:2      | Reached XP level 3. HP: 21/29 MP: 3/3
   869 | D:2      | Quit the game

Levels and vault maps discovered:
D:1:      dpeg_arrival_line_fractal, layout_basic
D:2:      layout_basic, minmay_misc_feat_alley, minmay_tetromino_t4,
          uniq_jessica

Skill      XL: |  1  2 |
---------------+-------+-----
Shields        | 3 |  3.2
Axes           | 2 |  2.2
Fighting       | |  3.4
Armour         | |  2.8

Action                   || total
-------------------------++-------
Melee: War axe           ||    58
Armor: Scale mail        ||    40
Dodge: Dodged            ||    23
Block: Shield            ||    33

Table legend:
 A = Non-vault XP
 B = Vault XP
 C = Vault XP percentage of total XP
 D = Non-vault monster count
 E = Vault monster count
 F = Vault count percentage of total count
                 A         B        C        D         E       F
            +---------+---------+-------+---------+---------+-------
      Total |      52 |       0 |   0.0 |      24 |       0 |   0.0
            +---------+---------+-------+---------+---------+-------
        D:1 |      37 |       0 |   0.0 |      22 |       0 |   0.0
        D:2 |      15 |       0 |   0.0 |       2 |       0 |   0.0
            +---------+---------+-------+---------+---------+-------
